[Event "Early-Titled-Tuesday-Blitz-February-06-2024"]
[Site "Chess.com"]
[Date "2024.02.06"]
[Round "9"]
[White "KetiTsatsalashvili"]
[Black "Boundless_Strike"]
[Result "1-0"]
[WhiteElo "2471"]
[BlackElo "2652"]
[TimeControl "180+1"]
[EndTime "9:45:55 PST"]
[Termination "KetiTsatsalashvili won by checkmate"]

1. d4 e5 2. dxe5 d6 3. exd6 Bxd6 4. Nf3 Nc6 5. g3 Bg4 6. Bg2 Qe7 7. c3 O-O-O 8. Qc2 h5 9. h3 Bxf3 10. Bxf3 h4 11. g4 Ne5 12. Bg2 Bc5 13. Qe4 c6 14. Bf4 Qd7 15. O-O Ng6 16. Bg5 Nf6 17. Qc4 Qe7 18. b4 Bd6 19. b5 Qe5 20. f4 Qe3+ 21. Kh1 c5 22. Qxf7 Ne7 23. Bxf6 gxf6 24. Rf3 Qc1+ 25. Rf1 Qb2 26. Qe6+ Kb8 27. Qe4 Rd7 28.
Nd2 Qxd2 29. Rad1 Qxc3 30. Rxd6 Rc7 31. Rfd1 Nc8 32. Rd7 Rxd7 33. Rxd7 Qe1+ 34. Kh2 Qg3+ 35. Kg1 Qe1+ 36. Bf1 Qg3+ 37. Qg2 Qxg2+ 38. Bxg2 Nb6 39. Rxb7+ Kc8 40. Rxa7 Rd8 41. Ra6 Kc7 42. Ra7+ Kc8 43. Rf7 Rd2 44. Kf2 Nd5 45. Bxd5 Rxd5 46. Rxf6 Kd7 47. b6 Rd2 48. b7 Rb2 49. Rf7+ Kc6 50. Rh7 c4 51. Ke1 c3 52. Kd1 Kc5 53. Kc1 Kd4 54. Re7 Kc4 55. g5 Rb6 56. g6 Rxg6 57. b8=Q Rg1+ 58. Kc2 Rg6 59. Rc7+ Kd4 60. Qd8+ Ke3 61.
Qe8+ Kf2 62. Qxg6 Kf1 63. f5 Kf2 64. f6 Kf1 65. f7 Kf2 66. f8=Q+ Ke1 67. e4 Ke2 68. e5 Ke1 69. e6 Ke2 70. e7 Ke1 71. e8=Q# 1-0

[Event "Early-Titled-Tuesday-Blitz-February-06-2024"]
[Site "Chess.com"]
[Date "2024.02.06"]
[Round "9"]
[White "ama18"]
[Black "Meri-Arabidze"]
[Result "1/2-1/2"]
[WhiteElo "2557"]
[BlackElo "2726"]
[TimeControl "180+1"]
[EndTime "9:45:57 PST"]
[Termination "Game drawn by repetition"]

1. Nf3 c5 2. g3 b6 3. Bg2 Bb7 4. O-O g6 5. d4 cxd4 6. Nxd4 Bxg2 7. Kxg2 Bg7 8. b3 Nf6 9. Bb2 O-O 10. c4 Nc6 11. Nc3 Rc8 12. Rc1 Ne5 13. e4 d6 14.
h3 a6 15. Qe2 Qd7 16. Rfd1 Qb7 17. Nd5 e6 18. Nxf6+ Bxf6 19. f4 Nd7 20. Re1 Nc5 21. Rcd1 Rfd8 22. Rd2 Bg7 23. Nf3 d5 24. cxd5 exd5 25.
e5 Ne4 26. Rc2 Rxc2 27. Qxc2 Rc8 28. Qd3 h6 29. Rc1 Rc5 30. Rc2 Qc7 31. Re2 Qb7 32. Bd4 Rc8 33. Rc2 Nc5 34. Qe3 Bf8 35. b4 Ne6 36. Rxc8 Qxc8 37. a3 b5 38. Qd2 Qc4 39.
Be3 Qe4 40. Kf2 Ng7 41. g4 Ne6 42. Kg3 Be7 43. Nd4 g5 44. Nxe6 fxe6 45. fxg5 hxg5 46.
Bxg5 Qxe5+ 47. Bf4 Qe4 48. Bg5 Bd6+ 49. Kh4 Qh7+ 50. Bh6 Be7+ 51. Kg3 Bd6+ 52. Bf4 Be7 53. Be5 Qe4 54. Qf4 Qd3+ 55. Kg2 Qe2+ 56. Kg3 Qe1+ 57. Kg2 Qe2+ 58. Kh1 Qd1+ 59. Kg2 Qc2+ 60. Kg3 Qb3+ 61. Kg2 Qa2+ 62. Kh1 Qb1+ 63. Kg2 Qc2+ 64. Kh1 Qg6 65. Kg2 Qc2+ 1/2-1/2

[Event "Early-Titled-Tuesday-Blitz-February-06-2024"]
[Site "Chess.com"]
[Date "2024.02.06"]
[Round "9"]
[White "Nf3c5"]
[Black "KorolDimitriy75"]
[Result "1-0"]
[WhiteElo "2550"]
[BlackElo "2374"]
[TimeControl "180+1"]
[EndTime "9:46:00 PST"]
[Termination "Nf3c5 won on time"]

1. d4 Nf6 2. Nf3 g6 3. Nbd2 c5 4. dxc5 Qa5 5. a3 Qxc5 6. b4 Qc7 7. Bb2 Bg7 8. c4 O-O 9. e3 b6 10. Rc1 d6 11. Be2 Bb7 12. O-O Nbd7 13. Qb3 Rac8 14. Rfd1 Qb8 15. Nd4 Qa8 16. Bf3 Ne5 17. Bxb7 Qxb7 18.
h3 Ne4 19. Nxe4 Qxe4 20. b5 Rc7 21. f3 Qh4 22. f4 Nd7 23. Nc6 Nc5 24. Qc2 Bxb2 25.
Qxb2 Qg3 26. Qf2 Qxf2+ 27. Kxf2 f5 28. Kf3 Kf7 29. g4 Kf6 30. Nb4 Kg7 31. g5 Rfc8 32.
Nc6 Rxc6 33. bxc6 Rxc6 34. h4 Ne4 35. Rc2 Rc5 36. Rd5 Rc6 37. h5 Kf7 38. hxg6+ hxg6 39. Rd4 Kg7 40. Rxe4 fxe4+ 41. Kxe4 b5 42. Kd5 Rc5+ 43. Kd4 e5+ 44. Kd3 exf4 45. exf4 bxc4+ 46. Rxc4 Ra5 47. a4 Kf7 48. Ke3 Ke6 49. Re4+ Kf5 50. Rb4 d5 51.
Kf3 a6 52. Rd4 Ke6 53. Rb4 Kd6 54. Rb6+ Kc5 55. Rxg6 Rxa4 56. Rg8 Ra3+ 57. Kg4 d4 58. g6 Ra1 59. Kf5 Rg1 60. Rd8 Kc4 61. Kf6 d3 62. g7 Kc3 63. g8=Q Rxg8 64. Rxg8 d2 65. Rc8+ Kd4 66.
Rd8+ Ke3 67. f5 Ke2 68. Kg6 d1=Q 69. Rxd1 Kxd1 70. f6 a5 71. f7 a4 72. f8=Q Kc2 73. Qa3 Kb1 74. Qxa4 1-0

[Event "Early-Titled-Tuesday-Blitz-February-06-2024"]
[Site "Chess.com"]
[Date "2024.02.06"]
[Round "9"]
[White "AlmasRakhmatullaev"]
[Black "iwanyu"]
[Result "1/2-1/2"]
[WhiteElo "2913"]
[BlackElo "2805"]
[TimeControl "180+1"]
[EndTime "9:46:02 PST"]
[Termination "Game drawn - insufficient material"]

1. e4 c6 2. d4 d5 3. exd5 cxd5 4. c4 Nf6 5. Nc3 Nc6 6. Nf3 Bg4 7. cxd5 Nxd5 8. Qb3 Bxf3 9. gxf3 Nb6 10. d5 Nd4 11.
Bb5+ Nxb5 12. Nxb5 a6 13. Nc3 Nd7 14. Qxb7 g6 15.
d6 Rb8 16. Qe4 Bg7 17. dxe7 Qxe7 18. O-O Qxe4 19. fxe4 O-O 20. Rd1 Nc5 21. Be3 Ne6 22. Rab1 f5 23. exf5 Rxf5 24. Nd5 Bf8 25. Rbc1 Rb5 26.
Rc6 Rbxd5 27. Rxd5 Rxd5 28. Rxe6 Ra5 29. a3 Rb5 30. Rb6 Ra5 31. Rb8 Kf7 32. Rb7+ Kg8 33.
Bd4 Rg5+ 34. Kf1 a5 35. Bc3 Rh5 36. Ra7 Rxh2 37. Rxa5 h5 38. Kg1 Rh4 39. f3 Kf7 40. Ra7+ Ke8 41. Kg2 Bd6 42. Ra6 Kd7 43. a4 Rh2+ 44.
Kg1 Rc2 45. a5 h4 46. Ra7+ Kc6 47. Rh7 g5 48. a6 Rc1+ 49. Kg2 Ra1 50. a7 Bc5 51. Rh6+ Kb7 52. Rh7+ Kc6 53. f4 gxf4 54. Rxh4 Be3 55. Rh7 Bxa7 56. Kf3 Be3 57. Be5 Rf1+ 58.
Ke4 Bc1 59. Rf7 Re1+ 60. Kf5 f3 61. Bg3 Rg1 62. Kg4 Bxb2 63. Rxf3 Be5 64. Re3 Bxg3 65. Rxg3 Rxg3+ 66. Kxg3 1/2-1/2

[Event "Early-Titled-Tuesday-Blitz-February-06-2024"]
[Site "Chess.com"]
[Date "2024.02.06"]
[Round "9"]
[White "FREDERICKtheMATE"]
[Black "adotand"]
[Result "0-1"]
[WhiteElo "2668"]
[BlackElo "2898"]
[TimeControl "180+1"]
[EndTime "9:46:03 PST"]
[Termination "adotand won by checkmate"]

1. d4 d5 2. c4 e6 3. Nf3 Nf6 4. Nc3 Nbd7 5. Bf4 dxc4 6. e3 Nb6 7. Nd2 Nfd5 8. Bg3 Bb4 9. Qc2 O-O 10. Nxc4 c5 11.
a3 cxd4 12. axb4 dxc3 13. bxc3 Bd7 14. Nd6 Qf6 15. Rc1 Ba4 16. Qd2 Qe7 17. c4 Nf6 18. c5 Nbd5 19. e4 Nc7 20. Be2 Rfd8 21. Bh4 e5 22.
Qe3 Nce8 23. Nf5 Qf8 24. g4 Bc6 25. f3 a6 26. Kf2 Rd7 27. Bg5 Rad8 28. h4 Rd2 29.
Qc3 Ra2 30. Qb3 Ra4 31. Bc4 h6 32. Be3 b5 33. Be2 Nc7 34. g5 Nh5 35. gxh6 g6 36. Nd6 Ne6 37. Qb2 Nd4 38. Bd1 Bd7 39. Bxa4 bxa4 40. Bg5 f6 41. Be3 Bc6 42. Qa2+ Kh7 43.
Rhd1 Rd7 44. Qc4 f5 45. Bxd4 exd4 46. Qxd4 fxe4 47. Qe3 Re7 48. Re1 Nf4 49. Kg1 Nd3 50.
fxe4 Nxe1 51. Rxe1 Qxh6 52. Qxh6+ Kxh6 53. e5 Bd5 54. Kf2 a3 55. Kg3 a2 56. Kf4 Kh5 57. Ne4 Rf7+ 58. Nf6+ Kh6 59. Ra1 Be6 60. Ke4 g5 61. hxg5+ Kg6 62. Rg1 Rb7 63. Kd4 Rxb4+ 64. Kc3 Rb1 65.
Rxb1 axb1=Q 66. c6 Qc1+ 67. Kb4 Qxc6 68. Ka5 Qb5# 0-1

[Event "Early-Titled-Tuesday-Blitz-February-06-2024"]
[Site "Chess.com"]
[Date "2024.02.06"]
[Round "9"]
[White "Flaccidmoves"]
[Black "Lady_Nika"]
[Result "0-1"]
[WhiteElo "2455"]
[BlackElo "2592"]
[TimeControl "180+1"]
[EndTime "9:46:03 PST"]
[Termination "Lady_Nika won by resignation"]

1. c4 e6 2. d4 d5 3. Nc3 f5 4. g3 Nf6 5. Bg2 c6 6. Nh3 Bd6 7. Bf4 O-O 8. Bxd6 Qxd6 9. Nf4 Nbd7 10. O-O Ne4 11. Qc2 Ndf6 12. Nd3 dxc4 13. Nf4 Qxd4 14. Rad1 Qc5 15. Nxe4 fxe4 16. Bxe4 e5 17. Ng2 Nxe4 18. Qxe4 Bf5 19. Qe3 Qb5 20. Qc3 Rad8 21. Ne3 Bh3 22. Rfe1 Be6 23. Rc1 Qc5 24. b3 b5 25. bxc4 bxc4 26.
Rf1 Rd4 27. Nc2 Rg4 28. Ne3 Re4 29. Kg2 Bd5 30. Kg1 h5 31. h4 Qd6 32. Rcd1 Qg6 33. Nxd5 cxd5 34. Rxd5 Rxh4 35. Rxe5 Rg4 36. Kh2 h4 37.
Re3 hxg3+ 38. Rxg3 Rh4+ 39. Kg2 Qc6+ 40. f3 Qh6 41. Rg1 Rf7 42. Kf1 Rd7 43. R1g2 Rh1+ 44.
Kf2 Qb6+ 45. e3 Qh6 46. Ke2 Rh2 47. Qxc4+ Kh7 48. Qc3 Rxg2+ 49. Rxg2 Qa6+ 50. Kf2 Qxa2+ 51. Kg1 Qe6 52. Rh2+ Kg8 53. Qc8+ Kf7 54. Rg2 Qxe3+ 55. Kh2 Qf4+ 56. Kh3 Qf5+ 57. Kh2 Qe5+ 58. Kh3 Qe6+ 59. Kh2 a5 60. Qb8 Qd6+ 61. Qxd6 Rxd6 62. Rg5 Ra6 63. Rg2 a4 64. Ra2 a3 65. Kg3 Ke6 66. Kf4 Kd5 67.
Kg5 Kc4 68. f4 Kb3 69. Rh2 a2 70. Rh1 a1=Q 71. Rxa1 Rxa1 72. Kg6 Ra7 0-1

[Event "Early-Titled-Tuesday-Blitz-February-06-2024"]
[Site "Chess.com"]
[Date "2024.02.06"]
[Round "9"]
[White "Hikaru"]
[Black "wonderfultime"]
[Result "1-0"]
[WhiteElo "3307"]
[BlackElo "3059"]
[TimeControl "180+1"]
[EndTime "9:46:07 PST"]
[Termination "Hikaru won by resignation"]

1. e4 e5 2. Bc4 Nf6 3. d3 c6 4. Nf3 d5 5. Bb3 Bd6 6. Nc3 h6 7. exd5 cxd5 8. Bxd5 Nxd5 9. Nxd5 Be6 10. Nc3 Nc6 11.
Be3 O-O 12. d4 exd4 13. Nxd4 Nxd4 14. Qxd4 Qb8 15. f4 Be7 16. O-O Bf6 17. Qe4 Re8 18.
Qf3 Qc8 19. f5 Bc4 20. Rfe1 Re5 21. g4 b5 22. Bf4 Rxe1+ 23. Rxe1 b4 24. Ne4 Bd4+ 25.
Be3 Bxe3+ 26. Rxe3 Bd5 27. Nf6+ gxf6 28. Qxd5 Qf8 29.
Qd4 Kg7 30. Kf2 Rd8 31. Qe4 Qd6 32. Kg2 Qd1 33. Re2 Rd4 34. Qf3 Qc1 35. Qe3 Rxg4+ 36. Kh3 Qxe3+ 37. Rxe3 Rc4 38. c3 bxc3 39. Rxc3 Ra4 40. a3 h5 41. Kg3 h4+ 42. Kf3 Kh6 43.
b4 Kg5 44. Ke4 Ra6 45. Rb3 Rc6 46. a4 Rc2 47. h3 Re2+ 48. Kd5 Rg2 49. a5 Rg3 50. Kc4 Kxf5 51. b5 Ke5 52. b6 axb6 53. a6 Rg8 54. Rxb6 f5 55. a7 Ra8 56. Ra6 f4 57.
Kd3 Kd5 58. Ke2 Ke4 59. Ra4+ Kd5 60. Kf3 Kc6 61. Kxf4 Kb7 62. Kg5 Rg8+ 63. Kxh4 Ka8 64. Kh5 f5 65. h4 Rg1 66. Rf4 Kxa7 67. Rxf5 Kb7 68. Rg5 Rh1 69. Rc5 Kb6 70. Rc2 Rg1 71.
Kh6 Rg8 72. h5 Rg1 73. Kh7 Kb7 74. h6 Rg3 75. Kh8 Rg1 76. h7 Rg3 77. Rf2 Kc7 78. Rf8 Kd7 79. Rg8 Rh3 80. Kg7 Rg3+ 81. Kf6 1-0

[Event "Early-Titled-Tuesday-Blitz-February-06-2024"]
[Site "Chess.com"]
[Date "2024.02.06"]
[Round "9"]
[White "NovozhilovSemen"]
[Black "LeoLV10"]
[Result "1-0"]
[WhiteElo "2667"]
[BlackElo "2495"]
[TimeControl "180+1"]
[EndTime "9:46:11 PST"]
[Termination "NovozhilovSemen won on time"]

1. d4 Nf6 2. Nf3 e6 3. e3 c5 4. Bd3 Nc6 5. O-O d5 6. b3 Be7 7.
Bb2 cxd4 8. exd4 O-O 9. a3 Qc7 10. Ne5 Nd7 11. f4 f5 12. Nxd7 Bxd7 13. Nd2 Rae8 14. g3 Bf6 15. Nf3 Qb6 16. Be2 a6 17.
Kg2 Rc8 18. Ne5 Nxe5 19. fxe5 Be7 20. Qd2 Qd8 21. c4 Bg5 22. Qd3 Bc6 23. Bf3 Qd7 24. h4 Be7 25. Rac1 Rfd8 26. Rfd1 b5 27. c5 Rf8 28.
Rc2 Qc7 29. Bc1 Be8 30. Bf4 h6 31. h5 Bf7 32. Rf1 Qa5 33. b4 Qd8 34. g4 Bg5 35. Bh2 g6 36. gxf5 gxf5 37. Bd1 Qe8 38.
Qh3 Kh8 39. Kh1 Rg8 40. Rg2 Qe7 41. a4 bxa4 42. Bxa4 Rb8 43. Rb1 Rg7 44. b5 axb5 45. Rxb5 Ra8 46. Bc2 Be8 47. Rb1 Ra2 48. Rbg1 Qa7 49.
Bd1 Rxg2 50. Qxg2 Qa1 51. Qf2 Qc3 52. Rg3 Qc1 53. Qg1 Qd2 54. Rg2 Qd3 55. Be2 Qe4 56. Qf2 Be3 57. Qf3 Qxd4 58. Rxg7 Kxg7 59. Qg3+ Bg5 60. Qa3 Qe4+ 61. Bf3 Qb1+ 62. Kg2 Qc2+ 63. Kh3 Be7 64. Bg1 Qc4 65. Qa7 Qh4+ 66. Kg2 f4 67.
Bf2 Qg5+ 68. Kf1 Bc6 69. Qc7 Bb5+ 70. Ke1 Kf7 71. c6 Qf5 72. Bc5 Qb1+ 73. Bd1 Qe4+ 74. Kf2 1-0

[Event "Early-Titled-Tuesday-Blitz-February-06-2024"]
[Site "Chess.com"]
[Date "2024.02.06"]
[Round "9"]
[White "AndresDelgado77"]
[Black "JoliyRoger"]
[Result "0-1"]
[WhiteElo "2351"]
[BlackElo "2500"]
[TimeControl "180+1"]
[EndTime "9:46:17 PST"]
[Termination "JoliyRoger won on time"]

1. e4 c6 2. d4 d5 3. Nc3 dxe4 4.
Nxe4 Bf5 5. Ng3 Bg6 6. h4 h6 7.
Nf3 Nd7 8. h5 Bh7 9. Bd3 Bxd3 10. Qxd3 Qc7 11. Bd2 e6 12. Ne4 Ngf6 13. O-O-O O-O-O 14.
g3 Nc5 15. Nxc5 Bxc5 16. Qc4 Bd6 17. Qe2 Rhe8 18. c4 c5 19. Kb1 cxd4 20. Nxd4 Qc5 21. Nb5 Bb8 22. g4 a6 23. Be3 Qe5 24. Nd4 Ba7 25.
c5 Qe4+ 26. Qc2 Qxc2+ 27. Nxc2 Rxd1+ 28. Rxd1 Nxg4 29. Rg1 Nxe3 30. fxe3 Rg8 31. b4 g5 32.
Nd4 Bb8 33. a4 Be5 34. Nf3 Bc3 35. b5 axb5 36. axb5 f5 37. Kc2 Bf6 38. Kb3 Rd8 39. Kc4 e5 40. Ra1 g4 41. Nd2 g3 42. Ra8+ Kd7 43.
Rxd8+ Kxd8 44. Nf3 e4 45. Ne1 Kd7 46. Kd5 Bc3 47.
Ng2 Bb4 48. c6+ bxc6+ 49. bxc6+ Kc7 50. Ke6 Kxc6 51. Kxf5 Kd5 52. Nf4+ Kc4 53. Ke5 Bd2 54. Kxe4 Be1 55. Ng2 Kc5 56. Kf5 Bd2 57. e4 Kd6 58.
e5+ Ke7 59. Kg6 Ke6 60. Nh4 Kxe5 61. Nf3+ Kf4 62. Ng1 Ke4 63. Nh3 Kd3 64. Ng1 Bg5 65. Nf3 Be3 66. Ng1 Kd2 67. Nh3 Ke2 68. Kf5 Kf3 0-1

[Event "Early-Titled-Tuesday-Blitz-February-06-2024"]
[Site "Chess.com"]
[Date "2024.02.06"]
[Round "9"]
[White "Ruchess27"]
[Black "FM_VS99"]
[Result "0-1"]
[WhiteElo "2451"]
[BlackElo "2611"]
[TimeControl "180+1"]
[EndTime "9:46:19 PST"]
[Termination "FM_VS99 won on time"]

1. d4 Nf6 2. c4 c5 3. d5 b5 4. cxb5 a6 5. bxa6 g6 6. Nc3 Bg7 7. Nf3 O-O 8. g3 Qa5 9. Bg2 Ne4 10. O-O Nxc3 11. bxc3 Nxa6 12. Bd2 d6 13. Qc2 Nc7 14. e4 Qa4 15. Rfc1 Bd7 16. Bf1 Rfb8 17. Qxa4 Rxa4 18. Bd3 Rba8 19. Rcb1 Bg4 20. Ne1 c4 21. Bc2 R4a7 22. a4 Na6 23. Kg2 h5 24. Nf3 Bxf3+ 25. Kxf3 Rc8 26. Be3 Nc5 27. Bd4 Bxd4 28. cxd4 Nd7 29. Ke3 Kg7 30. Rb4 Nf6 31. f3 Ra5 32. Ra3 e6 33.
dxe6 fxe6 34. Rb5 Rca8 35. Rxa5 Rxa5 36. Ra2 d5 37. e5 Nd7 38. Rb2 Ra7 39. Rb5 Kf7 40.
Kd2 g5 41. Kc3 Ke7 42. Kb4 h4 43. a5 Kd8 44. Ka4 Kc7 45. Kb4 Nb8 46. Bg6 Nc6+ 47. Kc5 Rxa5 48. Rxa5 Nxa5 49. Bf7 Nb3+ 50. Kb4 Nxd4 51.
Kc3 Nxf3 52. Bxe6 Kc6 53. gxh4 gxh4 54. h3 Nxe5 55. Kd4 Nf3+ 56. Ke3 Ng5 57. Bf5 Kd6 58. Kd4 Ne6+ 59. Kc3 Ke5 60. Bg4 Nf4 61. Bd7 Ng2 62. Bg4 Ne3 63. Bd7 Nf5 64. Bc8 Nd6 65. Bd7 d4+ 66.
Kd2 Ke4 67. Bg4 Kf4 68. Bd7 Kg3 0-1

[Event "Early-Titled-Tuesday-Blitz-February-06-2024"]
[Site "Chess.com"]
[Date "2024.02.06"]
[Round "9"]
[White "Juicy_Fork"]
[Black "Keeper0416"]
[Result "0-1"]
[WhiteElo "2449"]
[BlackElo "2574"]
[TimeControl "180+1"]
[EndTime "9:46:21 PST"]
[Termination "Keeper0416 won on time"]

1. e4 e5 2. Nf3 Nc6 3. Bb5 Nf6 4. d3 Bc5 5. Bxc6 dxc6 6. Nbd2 Ng4 7.
O-O h5 8. Nc4 Qf6 9. h3 b5 10.
Bg5 Qg6 11. Ncd2 f6 12. Bh4 Nh6 13. Kh1 Be6 14. Nb3 Bb6 15. a4 a5 16. d4 Rd8 17.
axb5 cxb5 18. d5 Qxe4 19. Re1 Qxd5 20. Qe2 a4 21. Nbd2 Nf5 22. Ne4 Kf7 23. Rad1 Qc4 24. Neg5+ fxg5 25. Nxe5+ Kf6 26. Nxc4 Bxc4 27. Qe5+ Kg6 28.
Rxd8 Rxd8 29. Bg3 h4 30. Bh2 Bd4 31. Qxc7 Bf6 32. Be5 Re8 33. Bc3 Rxe1+ 34. Bxe1 Bxb2 35. Qb6+ Kh7 36. Qc5 Kg6 37. Bb4 Bf6 38. Kh2 Be6 39. g4 Nd4 40. Kg2 Be5 41. Kf1 Bc4+ 42. Ke1 Bf6 43.
Kd1 Nf3 44. Qb6 Nd4 45. Bc3 Nf3 46. Bxf6 gxf6 47. Qe3 Ne5 48. Qe4+ Kf7 49. Kd2 Ke6 50.
Kc3 Bd5 51. Qb4 Bc4 52. Qa5 Kd5 53. Qd8+ Ke4 54. Qd4+ Kf3 55. Qe3+ Kg2 56. f4 Nf3 57. fxg5 fxg5 58. Qe4 Kg3 59. Kb4 Kg2 60. c3 Kg3 61.
Ka3 Ng1 62. Qf5 Nxh3 63. Qe5+ Nf4 64. Qxg5 h3 65. Qh6 h2 66. g5 Bd5 67. g6 h1=Q 68.
Qg5+ Kf3 69. g7 Qa1+ 70. Kb4 Qb2+ 71. Ka5 Qxc3+ 72. Ka6 Qc6+ 73. Ka5 Qc4 74. Kb6 Bg8 75. Qe7 Qb3 0-1

[Event "Early-Titled-Tuesday-Blitz-February-06-2024"]
[Site "Chess.com"]
[Date "2024.02.06"]
[Round "9"]
[White "VinzentSpitzl"]
[Black "mjray79"]
[Result "0-1"]
[WhiteElo "2462"]
[BlackElo "2704"]
[TimeControl "180+1"]
[EndTime "9:46:22 PST"]
[Termination "mjray79 won on time"]

1. e4 c5 2. Nf3 d6 3. d4 cxd4 4. Nxd4 Nf6 5. Nc3 Nc6 6. Bg5 e6 7. Qd2 a6 8. O-O-O Bd7 9. f3 Nxd4 10. Qxd4 h6 11. Be3 Bc6 12. Kb1 d5 13. exd5 Nxd5 14. Nxd5 Qxd5 15. Bc4 Qxd4 16. Bxd4 O-O-O 17. Bb6 Rxd1+ 18.
Rxd1 Be7 19. a3 h5 20. b4 h4 21. Bd4 Bf6 22. Bxf6 gxf6 23. h3 Rg8 24. Rd2 Rg5 25. Bd3 Re5 26. c4 Kc7 27. Kb2 f5 28. c5 Re1 29. Kb3 Bd5+ 30. Kb2 Kc6 31. a4 f6 32. Rc2 Re3 33. b5+ Kc7 34. Rc3 axb5 35. axb5 Re1 36. Rc2 Rd1 37. Kc3 Rb1 38. Rb2 Rc1+ 39. Rc2 Re1 40.
Kd4 Rd1 41. Kc3 f4 42. Bg6 Rb1 43. Rb2 Rc1+ 44. Rc2 Ra1 45. Rb2 Ra3+ 46. Kd4 Re3 47. b6+ Kd7 48. Be4 Bxe4 49. fxe4 e5+ 50. Kd5 Rd3+ 51. Kc4 Rd4+ 52. Kb5 Rxe4 53. Rd2+ Kc8 54. c6 bxc6+ 55. Kxc6 Rc4+ 56. Kb5 Rc1 57. Ka6 Ra1+ 58. Kb5 e4 59. Rd4 e3 60. Re4 Rb1+ 61. Kc6 Rc1+ 62. Kd6 Kb7 63. Ke6 Kxb6 64. Kf5 Rf1 65. Kxf6 Kc5 66.
Kf5 Kd5 67. Re8 Kd4 68. Kg4 Kd3 69. Rd8+ Ke2 70. Kxh4 Kf2 71. g4 fxg3 0-1

[Event "Early-Titled-Tuesday-Blitz-February-06-2024"]
[Site "Chess.com"]
[Date "2024.02.06"]
[Round "9"]
[White "HittingRookBottom"]
[Black "Arteler"]
[Result "1-0"]
[WhiteElo "2032"]
[BlackElo "2495"]
[TimeControl "180+1"]
[EndTime "9:46:26 PST"]
[Termination "HittingRookBottom won on time"]

1. e4 e6 2. Nf3 d5 3. exd5 exd5 4. d4 Nf6 5. Bd3 Bd6 6. O-O O-O 7. h3 h6 8. Re1 Re8 9. Nc3 c6 10. Be3 Nbd7 11.
Qd2 Nf8 12. Bf4 Ne6 13. Bxd6 Qxd6 14. Bf5 Bd7 15. Ne5 Re7 16. Re2 Rae8 17. Rae1 Bc8 18. Kh1 Qb4 19. Bxe6 Rxe6 20. a4 Qb6 21. b3 Nd7 22.
Nxd7 Bxd7 23. Rxe6 Rxe6 24. Rxe6 Bxe6 25. Ne2 Qa6 26. Ng3 b5 27. axb5 Qxb5 28. Qe3 a5 29. Ne2 Qb4 30. Nf4 Qe7 31. Nxe6 Qxe6 32. Qxe6 fxe6 33.
g3 Kf7 34. Kg2 Kf6 35. Kf3 g5 36. Ke3 Kf5 37. f3 e5 38. c3 Ke6 39. g4 Kd6 40.
Kd3 c5 41. Ke3 c4 42. bxc4 a4 43. c5+ Kc6 44. dxe5 a3 45. e6 a2 46. e7 a1=Q 47.
Ke2 Kxc5 48. e8=Q Qxc3 49. Qc8+ Kd4 50. Qh8+ Kc4 51. Qc8+ Kb3 52. Qb7+ Kc2 53. Qxd5 Qf6 54. Qd1+ Kc3 55. Qd3+ Kb4 56. Qe4+ Kc5 57. Ke3 Qc3+ 58. Qd3 Qxd3+ 59. Kxd3 Kd5 60. Ke3 Ke5 61. h4 gxh4 62. f4+ Kf6 63. Kf3 h3 64. Kg3 Kg6 65. Kxh3 h5 66.
Kh4 hxg4 67. Kxg4 Kf6 68. f5 Kg7 69. Kg5 Kf7 70. Kf4 Kf6 71. Ke4 Kf7 72. Ke5 Ke7 73.
f6+ Kf7 74. Kf5 Kg8 75. Kg6 Kf8 76. f7 Ke7 77. Kg7 1-0

[Event "Early-Titled-Tuesday-Blitz-February-06-2024"]
[Site "Chess.com"]
[Date "2024.02.06"]
[Round "9"]
[White "MokshAD1603"]
[Black "Mistango"]
[Result "1/2-1/2"]
[WhiteElo "2604"]
[BlackElo "2486"]
[TimeControl "180+1"]
[EndTime "9:46:36 PST"]
[Termination "Game drawn - insufficient material"]

1. e4 e5 2. Nf3 Nc6 3. Bb5 Nf6 4. O-O Nxe4 5. Re1 Nd6 6. Nxe5 Be7 7. Bf1 Nxe5 8. Rxe5 O-O 9. d4 Ne8 10. Nc3 Nf6 11. Bd3 d6 12. Re1 Bg4 13. Ne2 Qd7 14.
c3 Rae8 15. Qb3 c6 16. Nf4 Nh5 17. Qc2 Nxf4 18. Bxf4 h6 19. h3 Be6 20. Re3 Bg5 21.
Bxg5 hxg5 22. Rg3 Qd8 23. Qd2 f6 24. c4 d5 25. c5 Kh8 26. f4 gxf4 27. Qxf4 g5 28.
Qf2 f5 29. Re3 Bc8 30. Rae1 f4 31. Re5 Rxe5 32. Rxe5 Qf6 33. Qf3 Kg7 34. Qe2 Bd7 35.
Qh5 Rh8 36. Rxg5+ Kf8 37. Qg6 Qxg6 38. Rxg6 Kf7 39. Kf2 Rh4 40. Rg5 f3 41. Kxf3 Rxd4 42.
Ke3 Rh4 43. Rg3 Rh6 44. Rf3+ Ke7 45. g4 Be6 46. Kd4 b6 47. b4 Rh8 48. Re3 bxc5+ 49. Kxc5 Kd7 50. Rf3 Rh6 51. a4 Rh8 52. b5 cxb5 53.
Bxb5+ Ke7 54. Re3 Kf6 55. Kd6 Rd8+ 56. Kc7 Rh8 57. Kb7 d4 58. Rd3 Ke5 59. Kxa7 Bd5 60. Kb6 Be4 61. Rg3 Kf4 62. Rg1 Rxh3 63. g5 d3 64. g6 Rh6 65. Kc5 Rxg6 66. Rxg6 Bxg6 67.
Kd4 d2 68. Be2 Bf5 69. Kc3 Ke3 70. Bd1 Bd3 71. a5 Be2 72. Bb3 Ba6 73. Kb4 Bd3 74. Kc5 Be2 75. Kb6 Kd4 76. a6 Kc3 77. Ba4 d1=Q 78. Bxd1 Bxd1 79. a7 Bf3 80. Kc7 Kb4 81. Kb8 Ka5 82. a8=Q+ Bxa8 1/2-1/2

[Event "Early-Titled-Tuesday-Blitz-February-06-2024"]
[Site "Chess.com"]
[Date "2024.02.06"]
[Round "9"]
[White "VomDingJetztHer"]
[Black "Bilan_Danila"]
[Result "1-0"]
[WhiteElo "2506"]
[BlackElo "2608"]
[TimeControl "180+1"]
[EndTime "9:46:38 PST"]
[Termination "VomDingJetztHer won by resignation"]

1. e4 c6 2. Nf3 d5 3. d3 Bg4 4. h3 Bh5 5. Qe2 e6 6. g4 Bg6 7. h4 h6 8. Ne5 Bh7 9. g5 Nd7 10.
exd5 Nxe5 11. Qxe5 Qxd5 12. Qxd5 cxd5 13. b3 Rc8 14.
Kd1 Bf5 15. Bg2 hxg5 16. hxg5 Rxh1+ 17. Bxh1 Bd6 18. Bb2 Kf8 19. Nd2 Ne7 20. Nf3 Ng6 21.
Nd4 Bg4+ 22. Bf3 Bxf3+ 23. Nxf3 Bf4 24. c4 dxc4 25. dxc4 e5 26. Ke2 e4 27. Nd2 Bxg5 28. Nxe4 Re8 29. Kd3 Nf4+ 30. Kd4 Bd8 31. f3 f5 32. Nd6 Bf6+ 33. Kc5 Bxb2 34. Rh1 Re2 35. Rh8+ Ke7 36. Nxf5+ Kf6 37. Rf8+ Kg5 38. Ng3 Ne6+ 39. Kd6 Ba3+ 40. c5 Bxc5+ 41. Kd5 Nf4+ 42. Kxc5 Rg2 43. Ne4+ Kg6 44. Rxf4 Rxa2 45. Rg4+ Kf7 46. Nd6+ Ke6 47. Nxb7 Rc2+ 48. Kb4 Rc7 49. Nc5+ Kf5 50.
Rd4 g5 51. Na6 Rb7+ 52. Ka4 Rb6 53. Nc5 Rc6 54. b4 Ke5 55. Re4+ Kf5 56. Rg4 Rd6 57. Kb5 Rd1 58. Rc4 Ra1 59. Rc3 Kf4 60. Ne6+ Kg3 61. Nxg5 Kf4 62. Ne4 Kf5 63. Nc5 Ke5 64.
Rc4 Kd5 65. f4 a6+ 66. Nxa6 Rf1 67. Rc5+ Kd6 68. f5 Rf3 69. Nb8 Rf1 70. Nc6 Ra1 71. Nd4 Rf1 72. Ne6 Rd1 73. Rc6+ Kd7 74. Nc5+ Ke7 75. Re6+ Kf7 76. Re5 Kf6 77. Re6+ Kf7 78. Rc6 Rd5 79. f6 Rd1 80. Kb6 Rb1 81. b5 Ra1 82. Kb7 Rb1 83. b6 Ra1 84. Kc7 Rf1 85. b7 Rxf6 86. Rxf6+ Kxf6 87. b8=Q Ke5 88. Qe8+ Kd5 89. Nb7 Kc4 90. Qc6+ Kb4 91. Qc5+ Ka4 92. Qa5+ Kb3 93. Kc6 Kb2 94. Qa4 1-0

[Event "Early-Titled-Tuesday-Blitz-February-06-2024"]
[Site "Chess.com"]
[Date "2024.02.06"]
[Round "9"]
[White "amanjazu"]
[Black "Aslanov_Umid"]
[Result "1-0"]
[WhiteElo "2488"]
[BlackElo "2666"]
[TimeControl "180+1"]
[EndTime "9:47:05 PST"]
[Termination "amanjazu won by checkmate"]

1. g3 d5 2. Bg2 c6 3. f4 Nf6 4. Nf3 g6 5. O-O Bg7 6. d3 O-O 7. Nc3 d4 8. Ne4 Nxe4 9. dxe4 c5 10. e3 Nc6 11. e5 dxe3 12. Bxe3 b6 13. Qe2 a5 14.
Rfd1 Qc7 15. Rd2 Ba6 16. Qf2 Rad8 17. Rad1 Rxd2 18. Rxd2 Rd8 19. Ng5 Bb7 20. c3 h6 21.
Ne4 Rxd2 22. Qxd2 Qd8 23. Kf2 Qxd2+ 24. Nxd2 f6 25. Bd5+ Kf8 26. exf6 Bxf6 27. Nc4 b5 28. Bxc6 Bxc6 29. Nxa5 Bd5 30. Bxc5 Bxa2 31. Bd4 Bxd4+ 32. cxd4 Bd5 33. Ke3 Kf7 34. Kd3 Kf6 35. Kc3 Kf5 36. Kb4 Kg4 37. Kxb5 Kh3 38. Kc5 e6 39. b4 Ba8 40. Kd6 Kxh2 41. Kxe6 Kxg3 42. d5 Bxd5+ 43. Kxd5 h5 44. f5 gxf5 45. b5 h4 46. b6 h3 47. b7 h2 48. b8=Q+ Kg2 49. Qb2+ Kg1 50. Qc1+ Kg2 51. Qd2+ Kg1 52. Qe1+ Kg2 53. Qe2+ Kg1 54. Qe3+ Kg2 55. Qg5+ Kf2 56. Qf4+ Kg2 57. Nc4 h1=Q 58. Ne3+ Kg1+ 59. Ke6 Qc6+ 60. Kxf5 Qd7+ 61. Kg5 Qg7+ 62. Kh4 Qh7+ 63. Kg4 Qg6+ 64. Kf3 Qc6+ 65. Kg3 Qg6+ 66. Ng4 Qd3+ 67. Kh4 Qh7+ 68. Nh6 Qe7+ 69. Kh5 Qe2+ 70. Ng4 Qe8+ 71. Kg5 Qe7+ 72. Nf6 Qg7+ 73. Kf5 Qg2 74. Ng4 Qd5+ 75. Ne5 Qc5 76. Qg3+ Kh1 77. Qh3+ Kg1 78. Kf4 Qd4+ 79. Kf5 Qc5 80. Qg4+ Kh1 81. Qe4+ Kg1 82. Kf4 Qf2+ 83. Nf3+ Kf1 84. Qd3+ Kg2 85. Qg6+ Kf1 86.
Qa6+ Qe2 87. Qa1+ Kg2 88. Qg1+ Kh3 89. Qg3# 1-0